Map: Cyber Forest LE

Players

Leenock

  • Race: Zerg Zerg
  • Spawn Location: 5:00

Maru - Winner!

  • Race: Terran Terran
  • Spawn Location: 11:00

Event: IEM Season 13: Katowice (2019)

VOD

Have the link to the VOD?

Description

Time

  • Played on: Feb. 28, 2019, 11:15 a.m.
  • Length: 8:09

All games in this series

Show
View Real Time Build Order
Export as new Build Order

Leenock Zerg 

Build Orders: Hatch First 

Get SALT Encoding   

  12  0:00  Drone  
  13  0:12  Overlord  
  13  0:17  Drone  
  14  0:30  Drone x2  
  14  0:34  Drone  
  17  0:51  Hatchery  
  17  0:54  Drone  
  17  0:57  Drone  
  17  1:04  Extractor  
  17  1:12  Spawning Pool  
  17  1:15  Drone  
  17  1:18  Drone  
  18  1:28  Drone  
  19  2:02  Zergling x6  
  19  2:04  Zergling x2  
  23  2:11  Queen  
  23  2:13  Zergling x2  
  26  2:16  Spine Crawler  
  25  2:31  Zergling x2  
  24  2:42  Drone  
  24  2:51  Drone  
  22  2:52  Drone x2  
  23  2:58  Drone  
  23  3:00  Drone  
  23  3:03  Drone  
  26  3:06  Drone  
  27  3:19  Overlord  
  27  3:22  Extractor  
  27  3:24  Queen  
  27  3:25  Extractor, Overlord  
  29  3:30  Metabolic Boost  
  29  3:38  Drone x3  
  32  3:42  Overlord  
  32  3:45  Drone  
  32  3:47  Drone  
  34  3:49  Drone  
  34  3:52  Drone  
  36  3:56  Drone  
  36  4:02  Queen  
  39  4:04  Drone  
  39  4:05  Drone  
  41  4:11  Zergling x6  
  44  4:22  Hatchery  
  43  4:27  Lair  
  43  4:34  Drone x4  
  43  4:36  Drone  
  48  4:40  Overlord  
  48  4:43  Overlord  
  48  4:47  Overlord  
  48  4:51  Spore Crawler  
  47  4:53  Spore Crawler  
  47  4:58  Queen  
  48  5:00  Drone x2  
  48  5:02  Drone  
  48  5:03  Extractor  
  48  5:04  Drone  
  48  5:06  Extractor  
  50  5:08  Extractor  
  50  5:12  Zergling x4  
  49  5:16  Drone  
  49  5:18  Drone  
  49  5:19  Drone  
  49  5:22  Drone  
  49  5:25  Drone  
  51  5:33  Spire  
  50  5:37  Drone  
  50  5:39  Zergling x6  
  54  5:43  Zergling x4  
  56  5:51  Overlord  
  56  5:56  Zergling x2  
  57  6:01  Overseer, Overlord  
  57  6:05  Zergling x6  
  57  6:09  Queen  
  57  6:10  Queen, Zergling x2  
  65  6:24  Zergling x4  
  45  6:41  Zergling x8  
  45  6:45  Mutalisk  
  46  6:50  Mutalisk  
  46  6:52  Mutalisk  
  44  7:02  Mutalisk  
  44  7:06  Mutalisk  
  43  7:11  Mutalisk  
  43  7:13  Mutalisk  
  40  7:21  Mutalisk  
  29  7:26  Zergling x2  
  24  7:34  Drone  
  23  7:42  Zergling x2  
  24  7:46  Zergling x4  
  26  7:55  Drone  
Show
View Real Time Build Order
Export as new Build Order

Maru Terran - Winner!

Build Orders: Hellion Banshee 

Get SALT Encoding   

  12  0:00  SCV  
  13  0:12  SCV  
  14  0:17  Supply Depot  
  14  0:24  SCV  
  15  0:39  SCV  
  15  0:41  Barracks  
  16  0:51  SCV  
  16  0:57  Barracks  
  17  1:03  SCV  
  18  1:07  Refinery  
  18  1:15  SCV  
  19  1:27  Marine  
  19  1:28  Orbital Command  
  20  1:36  Supply Depot  
  20  1:39  Bunker  
  20  1:43  Marine  
  20  1:46  Marine  
  22  1:55  SCV  
  23  2:01  Marine  
  23  2:05  Marine  
  23  2:07  SCV  
  24  2:16  Factory  
  24  2:19  SCV, Marine  
  26  2:31  SCV  
  26  2:39  Marine x2  
  26  2:43  SCV  
  27  2:55  Command Center, SCV  
  27  2:57  Marine  
  27  3:01  Refinery, Factory Reactor  
  27  3:07  Starport  
  27  3:09  SCV  
  28  3:21  SCV  
  29  3:30  Supply Depot  
  29  3:33  SCV  
  30  3:45  SCV  
  31  3:51  Medivac, Hellion x2  
  37  3:57  SCV  
  38  4:09  SCV  
  39  4:17  Orbital Command, Hellion x2  
  39  4:21  SCV  
  39  4:23  Starport Tech Lab  
  44  4:30  Supply Depot  
  44  4:33  SCV  
  45  4:38  Hellion x2  
  45  4:39  Armory  
  45  4:43  SCV  
  45  4:45  SCV, Cloaking Field  
  50  4:48  Banshee  
  54  4:55  SCV, Supply Depot  
  54  4:58  SCV  
  56  5:03  Hellion  
  56  5:05  Hellion  
  60  5:07  SCV  
  60  5:10  SCV  
  62  5:19  SCV  
  63  5:22  SCV  
  63  5:24  Supply Depot  
  68  5:28  Hellion x2  
  68  5:31  SCV  
  68  5:32  Supply Depot  
  68  5:34  SCV  
  70  5:45  Banshee, SCV  
  70  5:46  SCV  
  70  5:49  Command Center  
  75  5:56  Hellion x2  
  79  5:57  SCV  
  79  5:58  SCV  
  81  6:04  Factory  
  81  6:06  Factory  
  81  6:09  SCV  
  81  6:10  Refinery, SCV  
  83  6:12  Refinery  
  83  6:17  Hellion  
  85  6:19  Hellion  
  85  6:21  SCV  
  85  6:22  SCV  
  75  6:34  SCV x2  
  75  6:35  Banshee  
  75  6:39  Hellion  
  80  6:46  SCV x2, Hellion  
  81  6:52  Factory Tech Lab x2  
  79  6:58  SCV  
  79  6:59  SCV  
  79  7:00  Hellion  
  79  7:10  Orbital Command  
  79  7:14  Thor x2  
  91  7:18  Banshee  
  91  7:19  Engineering Bay  
  83  7:34  Orbital Command  
  79  7:38  Hellion x2  
  79  7:40  SCV x2  
  85  7:45  Missile Turret  
  85  7:47  Missile Turret  
  85  7:50  Missile Turret  
  85  7:54  SCV  
  85  7:56  SCV  

Tags
 
Add a new tag
Caveats
  • Supply blocks, unpowered buildings, or Contaminate may cause inaccurate times.
  • Supply counts are checked every 10 seconds.